 Dungeon Crawl Stone Soup version 0.31-a0-229-g1fc7ce93e2 (webtiles) character file.

Game seed: 15784043136276545042

934 qw the Skirmisher (level 7, -5/55 (61) HPs)
             Began as a Minotaur Hexslinger on July 6, 2023.
             Slain by a wight
             ... wielding a +0 halberd
              (6 damage)
             ... on level 6 of the Dungeon.
             The game lasted 00:01:43 (3983 turns).

qw the Skirmisher (Minotaur Hexslinger)             Turns: 3983, Time: 00:01:44

HP:   -5/55 (61)    AC:  7    Str: 13    XL:     7   Next: 86%
MP:   7/7           EV: 11    Int: 10    God:
Gold: 260           SH:  5    Dex: 14    Spells: 7/8 levels left

rFire   . . .        Y - +2 sling (flame)
rCold   . . .        (no shield)
rNeg    . . .        i - +1 ring mail {rPois}
rPois   +            d - +1 hat
rElec   .            (no cloak)
rCorr   .            (no gloves)
SInv    .            (no boots)
Will    .....        a - amulet of reflection
Stlth   +            (no ring)
HPRegen 0.29/turn    (no ring)
MPRegen 0.10/turn

%: reflection
@: drained
A: horns 2, retaliatory headbutt
a: no special abilities


You were on level 6 of the Dungeon.
You visited 1 branch of the dungeon, and saw 6 of its levels.

You collected 260 gold pieces.


Innate Abilities, Weirdness & Mutations

You have a pair of horns on your head.
You reflexively headbutt those who attack you in melee.


   Skills:
 - Level 5.2 Fighting
 + Level 8.9 Ranged Weapons
 - Level 1.0 Armour
 - Level 2.1 Dodging
 - Level 1.0 Spellcasting
 - Level 2.0 Hexes


You had 7 spell levels left.
You knew the following spells:

 Your Spells              Type           Power      Damage    Failure   Level
a - Slow                  Hex            16%        N/A       32%         1

Your spell library contained the following spells:

 Spells                   Type           Power      Damage    Failure   Level
 Inner Flame              Hex/Fire       2%         N/A       82%         3
 Portal Projectile        Hex/Tloc       4%         N/A       82%         3
 Cause Fear               Hex            2%         N/A       97%         4

Inventory:

Hand Weapons
 Y - a +2 sling of flaming (weapon)
Armour
 d - a +1 hat (worn)
 i - a +1 ring mail of poison resistance (worn)
Jewellery
 a - an amulet of reflection (around neck)
Scrolls
 b - a scroll of identify
Potions
 c - a potion of resistance
 e - a potion of curing {unknown}
 f - a potion of cancellation {unknown}
 h - a potion of ambrosia {unknown}
 j - 2 potions of heal wounds

Dungeon Overview and Level Annotations

Branches:
Dungeon (6/15)
 Temple: D:4-7

Altars:
Ru
Trog
Yredelemnul


Message History

You shoot a sling bullet.
The sling bullet hits the wight but does no damage.
The wight hits you but does no damage. x2; Something hits you.
You shoot a sling bullet.
The sling bullet hits the wight but does no damage.
Something hits you but does no damage.
The wight hits you from afar with a +0 halberd.
You feel drained. The wight hits you with a +4 scimitar.
The wight hits you from afar with a +0 halberd.
You hear some strange, mumbled words.
A magic dart appears from out of thin air!
The magic dart hits you.
You shoot a sling bullet.
The sling bullet closely misses the wight.
The sling bullet hits the wight.
The sling bullet burns the wight.
The wight is moderately damaged.
The wight hits you from afar with a +0 halberd.
You feel drained. Something completely misses you.
3980 ||| DRINKING 3 potions of heal wounds.
You feel much better. The wight closely misses you.
You block the wight's attack. Something hits you.
You shoot a sling bullet.
The sling bullet completely misses the wight.
The sling bullet hits the wight but does no damage.
The wight is moderately damaged.
The wight closely misses you. You furiously retaliate!
You headbutt the wight.
The wight hits you from afar with a +0 halberd.
Something hits you.
You shoot a sling bullet.
The sling bullet closely misses the wight.
The sling bullet hits the wight.
The sling bullet burns the wight.
The wight is heavily damaged.
The wight barely misses you. Something hits you.
You hear some strange, mumbled words.
You shoot a sling bullet. The sling bullet hits the wight.
The sling bullet burns the wight.
The wight is severely damaged.
The wight hits you with a +4 scimitar!
You feel drained.
The wight hits you from afar with a +0 halberd.
You die...

####.#.# ........
....#.# ##.......
...... ........#
#.(#.# ......#
#..#.#
.....#.#####.[#.#
#zz{#..........#
#oz{# ##..#..#.# ..
###@# #......<# #..
#...####..#..#.#
#...#.........#..#.#
#......####.#..#.#
##.#...%.......#.#
...##..###..####.#
#.## #..# #..# #.#
#. #..# #..# #.# .
#..# #..#


You could see 3 wights and an orc.

Vanquished Creatures
  Eustachio (D:3)
  A water moccasin (D:6)
  An ogre (D:5)
  A phantom (D:5)
  A scorpion (D:5)
  3 hounds
  2 orc priests (D:5)
  A gnoll bouda (D:4)
  2 iguanas
  A sleepcap (D:5)
  An orc wizard (D:6)
  3 gnolls (D:4)
  7 adders
  3 worms
  14 orcs
  5 endoplasms
  3 giant cockroaches
  9 goblins
  6 hobgoblins
  7 jackals
  3 quokkas
  8 ball pythons
  6 bats
  4 frilled lizards
  7 kobolds
  5 rats
105 creatures vanquished.

Notes
Turn   | Place    | Note
-------+----------+-------------------------------------------
     0 | D:1      | qw the Minotaur Hexslinger began the quest for the Orb.
     0 | D:1      | Reached XP level 1. HP: 16/16 MP: 1/1
     0 | D:1      | 0 ||| qw: Version: 0.3-a-46-gb1f654a
     0 | D:1      | 0 ||| qw: Game counter: 1423
     0 | D:1      | 0 ||| qw: Melee chars always use a shield: true
     0 | D:1      | 0 ||| qw: God list: Okawaru
     0 | D:1      | 0 ||| qw: Allow faded altars: false
     0 | D:1      | 0 ||| qw: Do Orc after clearing Dungeon:15 true
     0 | D:1      | 0 ||| qw: Do second Lair branch before Depths: true
     0 | D:1      | 0 ||| qw: Lair rune preference: random
     0 | D:1      | 0 ||| qw: Goals: Normal
     0 | D:1      | 0 ||| PLANNING D:1-11
    42 | D:1      | Found a faded altar of an unknown god.
   121 | D:1      | Reached skill level 3 in Ranged Weapons
   121 | D:1      | Reached XP level 2. HP: 23/23 MP: 2/2
   479 | D:1      | 479 ||| UPGRADING to +0 leather armour.
   489 | D:1      | 489 ||| DROPPING +0 robe.
   490 | D:1      | 490 ||| UPGRADING to +1 ring mail of poison resistance.
   500 | D:1      | 500 ||| DROPPING +0 leather armour.
   501 | D:1      | 501 ||| READING scroll labelled FUASEE TENTO.
   502 | D:1      | 502 ||| READING scroll labelled CUIGEO EXUSK.
   503 | D:1      | 503 ||| DRINKING 2 fuming puce potions.
   504 | D:1      | 504 ||| DROPPING scroll of poison.
   674 | D:2      | Reached XP level 3. HP: 29/29 MP: 3/3
   776 | D:2      | Reached skill level 4 in Ranged Weapons
   905 | D:2      | Reached skill level 1 in Armour
  1199 | D:2      | Reached XP level 4. HP: 36/36 MP: 4/4
  1377 | D:2      | 1377 ||| UPGRADING to amulet of reflection.
  1493 | D:3      | 1493 ||| SWAPPING to +1 sling of flaming.
  1494 | D:3      | 1494 ||| DROPPING +1 sling.
  1746 | D:3      | Found a bloodstained altar of Trog.
  2153 | D:3      | 2153 ||| READING scroll labelled CYSHUDA MAGUM.
  2154 | D:3      | 2154 ||| READING 2 scrolls of identify.
  2154 | D:3      | 2154 ||| IDENTIFYING silvery potion
  2155 | D:3      | 2155 ||| DROPPING potion of brilliance.
  2205 | D:4      | Reached skill level 5 in Ranged Weapons
  2263 | D:4      | Reached skill level 3 in Fighting
  2263 | D:4      | Reached XP level 5. HP: 42/45 MP: 5/5
  2327 | D:4      | Noticed Eustachio
  2353 | D:4      | 2353 ||| FLEEEEING.
  2354 | D:4      | 2354 ||| FLEEEEING.
  2355 | D:4      | 2355 ||| FLEEEEING.
  2358 | D:4      | 2358 ||| STAIRDANCE
  2449 | D:3      | 2449 ||| READING scroll labelled ANWUUTR WANAYV.
  2452 | D:4      | 2452 ||| STAIRDANCE
  2457 | D:3      | Killed Eustachio
  2458 | D:3      | Reached skill level 6 in Ranged Weapons
  2458 | D:3      | Reached XP level 6. HP: 46/51 MP: 6/6
  2757 | D:4      | 2757 ||| UPGRADING to +1 hat.
  2762 | D:4      | 2762 ||| DRINKING 2 metallic red potions.
  2763 | D:4      | 2763 ||| DROPPING potion of degeneration.
  2768 | D:5      | Entered Level 5 of the Dungeon
  2812 | D:5      | Reached skill level 7 in Ranged Weapons
  2874 | D:5      | Found a sacrificial altar of Ru.
  2958 | D:5      | Noticed a wraith
  2994 | D:5      | Reached XP level 7. HP: 42/59 MP: 7/7
  3312 | D:5      | 3312 ||| FLEEEEING.
  3314 | D:5      | 3314 ||| FLEEEEING.
  3316 | D:5      | 3316 ||| FLEEEEING.
  3317 | D:5      | 3317 ||| FLEEEEING.
  3318 | D:5      | 3318 ||| FLEEEEING.
  3319 | D:5      | 3319 ||| FLEEEEING.
  3320 | D:5      | 3320 ||| FLEEEEING.
  3321 | D:5      | 3321 ||| FLEEEEING.
  3322 | D:5      | 3322 ||| FLEEEEING.
  3323 | D:5      | 3323 ||| FLEEEEING.
  3324 | D:5      | 3324 ||| FLEEEEING.
  3325 | D:5      | 3325 ||| FLEEEEING.
  3326 | D:5      | 3326 ||| FLEEEEING.
  3327 | D:5      | 3327 ||| FLEEEEING.
  3328 | D:5      | 3328 ||| FLEEEEING.
  3329 | D:5      | 3329 ||| FLEEEEING.
  3330 | D:5      | 3330 ||| FLEEEEING.
  3331 | D:5      | 3331 ||| FLEEEEING.
  3332 | D:5      | 3332 ||| FLEEEEING.
  3333 | D:5      | 3333 ||| FLEEEEING.
  3334 | D:5      | 3334 ||| FLEEEEING.
  3335 | D:5      | 3335 ||| FLEEEEING.
  3336 | D:5      | 3336 ||| FLEEEEING.
  3337 | D:5      | 3337 ||| FLEEEEING.
  3338 | D:5      | 3338 ||| FLEEEEING.
  3347 | D:5      | Reached skill level 8 in Ranged Weapons
  3452 | D:5      | Found a basalt altar of Yredelemnul.
  3866 | D:5      | 3866 ||| READING scroll labelled NEFIRE QICODD.
  3867 | D:5      | 3867 ||| READING 2 scrolls of identify.
  3867 | D:5      | 3867 ||| IDENTIFYING amethyst potion
  3963 | D:6      | 3963 ||| Stepping ~*~*~tactically~*~*~ (outnumbered).
  3979 | D:6      | HP: 10/59 [wight/+0 halberd (6)]
  3980 | D:6      | 3980 ||| DRINKING 3 potions of heal wounds.
  3983 | D:6      | HP: 1/55 [wight/+4 scimitar (5)]
  3983 | D:6      | Slain by a wight

Levels and vault maps discovered:
D:1:      lemuel_arrival_cross, layout_basic,
          hellmonk_ecumenical_altar_slurped_away
D:2:      layout_basic
D:3:      kennysheep_big_flooded_room, layout_basic,
          mainiacjoe_overflow_24_doors, serial_park_tiny_pond
D:4:      layout_basic, uniq_eustachio
D:5:      layout_loops_cross, overflow_temple_1_default,
          yredelemnul_altar_generic, lightli_corner_chamber
D:6:      layout_loops_ring, temple_hall, uniq_maggie

Skill      XL: |  1  2  3  4  5  6  7 |
---------------+----------------------+-----
Ranged Weapons | 3 4 5 6 7 8 |  8.9
Fighting       | 2 3 4 5 |  5.2
Armour         | 1 |  1.0
Dodging        | |  2.1
Spellcasting   | |  1.0
Hexes          | |  2.0

Action                     |  1- 3 |  4- 6 |  7- 9 || total
---------------------------+-------+-------+-------++-------
   Fire: Sling             |   124 |   178 |   120 ||   422
    Use: Scroll            |     2 |     3 |     2 ||     7
         Potion            |     1 |     1 |     1 ||     3
 Armour: Robe              |     3 |       |       ||     3
         Ring mail         |    17 |    38 |    28 ||    83
  Dodge: Dodged            |    40 |    66 |    28 ||   134
  Block: Other             |       |    28 |    12 ||    40

Table legend:
 A = Non-vault XP
 B = Vault XP
 C = Vault XP percentage of total XP
 D = Non-vault monster count
 E = Vault monster count
 F = Vault count percentage of total count
                 A         B        C        D         E       F
            +---------+---------+-------+---------+---------+-------
      Total |    1154 |     181 |  13.6 |     101 |       4 |   3.8
            +---------+---------+-------+---------+---------+-------
        D:1 |      22 |       2 |   8.3 |      13 |       1 |   7.1
        D:2 |      79 |       0 |   0.0 |      26 |       0 |   0.0
        D:3 |      40 |     179 |  81.7 |      15 |       3 |  16.7
        D:4 |     128 |       0 |   0.0 |      20 |       0 |   0.0
        D:5 |     606 |       0 |   0.0 |      21 |       0 |   0.0
        D:6 |     279 |       0 |   0.0 |       6 |       0 |   0.0
            +---------+---------+-------+---------+---------+-------
